 Dungeon Crawl Stone Soup version 0.30.0-10-gfe55d96785 (webtiles) character file.

Game seed: 17236827951156564124

474 sampeng1 the Trooper (level 7, 0/55 HPs)
             Began as a Human Fighter on May 16, 2023.
             Was a Follower of Trog.
             Slain by a water moccasin (1 damage)
             ... on level 5 of the Dungeon.
             The game lasted 00:13:42 (4672 turns).

sampeng1 the Trooper (Human Fighter)                Turns: 4672, Time: 00:13:42

Health: 0/55       AC:  7    Str: 19    XL:     7   Next: 32%
Magic:  7/7        EV:  9    Int:  8    God:    Trog [*.....]
Gold:   237        SH:  6    Dex: 18    Spells: 6/6 levels left

rFire   . . .        a - +1 war axe
rCold   . . .        c - +0 buckler
rNeg    . . .        b - +0 scale mail
rPois   .            (no helmet)
rElec   .            (no cloak)
rCorr   .            (no gloves)
SInv    .            (no boots)
Will    .....        (no amulet) Stlth
                     q - +6 ring of dexterity
HPRegen 0.29/turn    n - ring of flight
MPRegen 0.10/turn

%: no passive effects
@: lethally poisoned (0 -> -19), flying
A: no striking features
a: Renounce Religion, Berserk


You were on level 5 of the Dungeon.
You worshipped Trog.
Trog was aware of your devotion.
You visited 2 branches of the dungeon, and saw 6 of its levels.

You collected 289 gold pieces.
You spent 52 gold pieces at shops.

Inventory:

Hand Weapons
 a - a +1 war axe (weapon)
Missiles
 f - 2 throwing nets (quivered)
Armour
 b - a +0 scale mail (worn)
 c - a +0 buckler (worn)
 l - a +2 leather armour of fire resistance
Jewellery
 n - a ring of flight (right hand)
 q - a +6 ring of dexterity (left hand)
Scrolls
 d - a scroll of enchant weapon
 e - a scroll of fear
 m - a scroll of identify
Potions
 g - a potion of ambrosia
 h - 3 potions of curing
 i - a potion of flight
 j - 2 potions of brilliance
 k - 2 potions of heal wounds
 r - a potion of mutation
 t - a potion of berserk rage {unknown}


   Skills:
 + Level 4.6 Fighting
 + Level 4.0 Axes
 + Level 4.6 Armour
 + Level 4.6 Shields


You had 6 spell levels left.
You didn't know any spells.
Your spell library contained the following spells:

 Spells                   Type           Power      Damage    Failure   Level
 Sting                    Tmut/Pois      0%         1d3       83%         1
 Poisonous Vapours        Pois/Air       0%         N/A       93%         2
 Olgreb's Toxic Radiance  Pois           0%         N/A       100%        4


Dungeon Overview and Level Annotations

Branches:
Dungeon (5/15)             Temple (1/1) D:4

Altars:
Dithmenos
Elyvilon
Fedhas
Gozag
Hepliaklqana
Makhleb
Nemelex Xobeh
Okawaru
Qazlal
Ru
Sif Muna
Trog
Vehumet
Wu Jian
Zin
The Shining One

Shops:
D:1 ?


Message History

Something hits you.
* * * LOW HITPOINT WARNING * * *
The water moccasin bites you.
* * * LOW HITPOINT WARNING * * *
You are poisoned.
The water moccasin poisons you!
The water moccasin bites you but does no damage.
Something hits you but does no damage.
You feel very sick.
You're too confused to move!
You feel sick.
The water moccasin bites you but does no damage.
Something hits you.
* * * LOW HITPOINT WARNING * * *
The water moccasin bites you!
* * * LOW HITPOINT WARNING * * *
You feel less invigorated.
You feel less confused.
You feel sick.
You barely miss the water moccasin.
The water moccasin is almost dead.
You closely miss something.
* * * LOW HITPOINT WARNING * * *
You feel very sick. The water moccasin bites you.
* * * LOW HITPOINT WARNING * * *
You block something's attack.
The water moccasin completely misses you.
You closely miss the water moccasin.
The water moccasin is almost dead.
You slash something!
* * * LOW HITPOINT WARNING * * *
You feel sick.
An orc wizard appears from thin air!
Reactivating autopickup.
The water moccasin bites you.
* * * LOW HITPOINT WARNING * * *
You are more poisoned.
The water moccasin poisons you!
The orc wizard hits you but does no damage.
The water moccasin bites you.
You die...

..........#...#
..........#...# .
..........#...# ..
...########...# ...
...#.....##...# ....
...'.....##...##.....
...#.................
...#..........##########
...#..........##@......#
...#...........oS......#
...#.....##...##.......#
...#.....##+####..)....#
...#.....##.......)....#
...#...................#
...# .........$......
...# ###+#########.##
...+ .#


You could see a water moccasin and an orc wizard.

Vanquished Creatures
  A black bear (D:4)
  2 scorpions
  A jelly (D:5)
  An orc priest (D:5)
  2 iguanas
  2 orc wizards
  2 adders
  A worm (D:2)
  12 orcs
  7 ball pythons
  4 endoplasms
  A giant cockroach (D:2)
  6 goblins
  9 hobgoblins
  2 quokkas
  6 bats
  7 kobolds
  5 rats
  A spectral hobgoblin (D:3)
72 creatures vanquished.

Notes
Turn   | Place    | Note
-------+----------+-------------------------------------------
     0 | D:1      | sampeng1 the Human Fighter began the quest for the Orb.
     0 | D:1      | Reached XP level 1. HP: 18/18 MP: 1/1
   138 | D:1      | Reached XP level 2. HP: 23/24 MP: 2/2
   213 | D:1      | Found Evoe's Magic Scroll Shop.
   230 | D:1      | Bought 2 scrolls of identify for 52 gold pieces
   720 | D:2      | Reached XP level 3. HP: 29/29 MP: 3/3
   932 | D:2      | You fall into a shaft and drop 2 floors!
  1050 | D:4      | Found a hazy altar of Hepliaklqana.
  1070 | D:4      | Noticed a black bear
  1078 | D:4      | Killed a black bear
  1079 | D:4      | Reached XP level 4. HP: 11/37 MP: 4/4
  1079 | D:4      | Reached XP level 5. HP: 13/42 MP: 5/5
  1208 | D:4      | Found an iron altar of Okawaru.
  1245 | D:4      | Found a staircase to the Ecumenical Temple.
  1270 | Temple   | Entered the Ecumenical Temple
  1353 | Temple   | Became a worshipper of Trog the Wrathful
  1705 | D:4      | Found an ornate altar of the Wu Jian Council.
  1872 | D:4      | Reached XP level 6. HP: 35/48 MP: 6/6
  2018 | D:4      | Found a burning altar of Makhleb.
  2286 | D:3      | Found a faded altar of an unknown god.
  3559 | D:2      | Reached * piety under Trog
  4122 | D:5      | Entered Level 5 of the Dungeon
  4353 | D:5      | Reached XP level 7. HP: 53/55 MP: 7/7
  4648 | D:5      | Noticed a water moccasin
  4671 | D:5      | HP: 2/55 [water moccasin (4)]
  4672 | D:5      | Slain by a water moccasin

Illustrated notes

Levels and vault maps discovered:
D:1:      eino_arrival_druids_welcome, layout_basic, serial_shops,
          nicolae_shop_hallway_plus, minmay_splitting_lines
D:2:      layout_loops_corners, chequers_garden, nicolae_elevator_lobby_plus
D:3:      layout_basic, dreamdust_ecumenical_altar_drowned_temple,
          kennysheep_nub, ebering_dispersal_statue_hall
D:4:      layout_basic, lightli_temple_of_fire,
          mainiacjoe_overflow_cross_hatched, nzn_wu_jian_contemplation,
          mainiacjoe_overflow_tiny_flanked, minmay_temple_entry_sparse_star
D:5:      layout_gridville, kennysheep_mini
Temple:   nicolae_temple_x_marks_the_god

Skill      XL: |  1  2  3  4  5  6  7 |
---------------+----------------------+-----
Axes           | 3 4 |  4.0
Fighting       | 4 |  4.6
Armour         | 4 |  4.6
Shields        | 4 |  4.6

Action                     |  1- 3 |  4- 6 |  7- 9 || total
---------------------------+-------+-------+-------++-------
  Melee: War axe           |    66 |    99 |    34 ||   199
    Use: Scroll            |     4 |    10 |       ||    14
         Potion            |       |       |     4 ||     4
 Armour: Scale mail        |    42 |    45 |    39 ||   126
  Dodge: Dodged            |    33 |    38 |    15 ||    86
  Block: Buckler           |     8 |    23 |    15 ||    46
